 Dungeon Crawl Stone Soup version 0.31-a0-1589-g8f5e8aebd6 (webtiles) character file.

Game seed: 626893495400850195

13024 Dirian the Severer (level 11, -3/95 (99) HPs)
             Began as a Minotaur Fighter on Jan 5, 2024.
             Was an Elder of Okawaru.
             Slain by a hell knight
             ... wielding a +5 scimitar of draining
              (16 damage)
             ... on level 10 of the Dungeon.
             The game lasted 00:18:04 (12076 turns).

Dirian the Severer (Minotaur Fighter)              Turns: 12076, Time: 00:18:04

HP:   -3/95 (99)    AC: 17    Str: 25    XL:     11   Next: 70%
MP:   10/11         EV:  8    Int:  5    God:    Okawaru [****..]
Gold: 344           SH: 11    Dex: 10    Spells: 10/10 levels left

rFire   . . .        G - +0 war axe (flame)
rCold   . . .        k - +1 kite shield
rNeg    . . .        A - +0 chain mail
rPois   .            (helmet restricted)
rElec   .            y - +0 cloak
rCorr   .            l - +0 pair of gloves
SInv    .            s - +1 pair of boots
Will    .....        (no amulet) Stlth
                     v - ring of flight
HPRegen 0.35/turn    (no ring)
MPRegen 0.12/turn

%: no passive effects
@: flying, lightly drained, invisible (expiring)
A: horns 2, retaliatory headbutt
a: Renounce Religion, Heroism, Finesse


You were on level 10 of the Dungeon.
You worshipped Okawaru.
Okawaru was greatly pleased with you.
You visited 2 branches of the dungeon, and saw 11 of its levels.
You also visited: Sewer.

You collected 630 gold pieces.
You spent 286 gold pieces at shops.

Inventory:

Hand Weapons
 a - a +1 war axe of protection
 b - a +0 morningstar
 u - a +0 war axe
 G - a +0 war axe of flaming (weapon)
Missiles
 o - 10 boomerangs (quivered)
Armour
 k - a +1 kite shield (worn)
 l - a +0 pair of gloves (worn)
 s - a +1 pair of boots (worn)
 y - a +0 cloak (worn)
 A - a +0 chain mail (worn)
Jewellery
 v - a ring of flight (left hand)
 E - an amulet of reflection
 F - a ring of ice
Wands
 c - a wand of paralysis (14)
 g - a wand of mindburst (5)
 B - a wand of acid (6)
Scrolls
 f - a scroll of enchant weapon
 t - 3 scrolls of teleportation
 w - a scroll of enchant armour
 z - 2 scrolls of blinking
 C - 4 scrolls of immolation
Potions
 d - 2 potions of might
 e - 2 potions of ambrosia
 h - 2 potions of haste
 j - a potion of brilliance
 m - a potion of mutation
 n - a potion of resistance
 p - a potion of attraction
 q - 4 potions of curing
 x - a potion of magic
 D - a potion of enlightenment


   Skills:
 + Level 9.9 Fighting
 + Level 15.2 Axes
 * Level 2.0 Throwing
 + Level 10.6 Armour
 + Level 9.6 Shields
 * Level 2.4 Invocations


You had 10 spell levels left.
You didn't know any spells.
Your spell library contained the following spells:

 Spells                   Type           Power      Damage    Failure   Level
 Foxfire                  Conj/Fire      0%         2x1d4     98%         1
 Mercury Vapours          Alch/Air       0%         N/A       99%         2
 Mephitic Cloud           Conj/Alch/Air  0%         N/A       100%        3
 Ignite Poison            Fire/Alch      0%         N/A       100%        4
 Sticky Flame             Fire/Alch      0%         2d4       100%        4
 Freezing Cloud           Conj/Ice/Air   0%         6-21      100%        5
 Plasma Beam              Fire/Air       0%         2x1d10    100%        6
 Starburst                Conj/Fire      0%         6d3       100%        6
 Ignition                 Fire           0%         3d3       100%        8


Dungeon Overview and Level Annotations

Branches:
Dungeon (10/15) Zot: 24763  Temple (1/1) D:5 Zot: 5951    Lair (0/5) D:10
  Sewer (visited)
    Orc: D:9-12

Altars:
Ashenzari
Cheibriados
Dithmenos
Elyvilon
Fedhas
Gozag
Hepliaklqana
Kikubaaqudgha
Makhleb
Nemelex Xobeh
Okawaru
Qazlal
Ru
Sif Muna
Trog
Uskayaw
Vehumet
Wu Jian
Xom
Yredelemnul
Zin
The Shining One

Shops:
D:6 *

Annotations:
D:9 3 runed translucent doors, bumbalina's ghost, novice OpFE
D:10 2 transporters


Innate Abilities, Weirdness & Mutations

You have a pair of horns on your head.
You reflexively headbutt those who attack you in melee.


Message History

The gargoyle hurls a stone arrow at you.
The stone arrow hits you!
You catch the helpless gargoyle completely off-guard!
You hit the gargoyle but do no damage.
You headbutt the gargoyle, but do no damage.
The gargoyle is heavily damaged.
The gargoyle hurls a stone arrow at you.
The stone arrow hits you!
You strike the helpless gargoyle from behind!
You slash the gargoyle! You burn the gargoyle!
You destroy the gargoyle!
Okawaru accepts your kill.
Your base Throwing skill increases to level 2!
You block the hell knight's attack.
Things that are here:
a +3 flail; a +0 dagger You strike the helpless hell knight from behind!
You hit the hell knight. You headbutt the hell knight.
The hell knight is lightly wounded.
You block the hell knight's attack.
You hit the hell knight. You headbutt the hell knight!
The hell knight is moderately wounded.
The hell knight hits you with a +5 scimitar of draining.
You feel drained.
You catch the helpless hell knight completely off-guard!
You slash the hell knight!
You headbutt the hell knight, but do no damage.
The hell knight is heavily wounded.
The hell knight hits you with a +5 scimitar of draining!
* * * LOW HITPOINT WARNING * * *
You feel drained.
* * * LOW HITPOINT WARNING * * *
You slice the hell knight!! You headbutt the hell knight!
The hell knight is almost dead.
You flicker for a moment.
You barely miss the hell knight.
The hell knight is almost dead.
You feel like a meek peon again.
The hell knight hits you with a +5 scimitar of draining!
You die...

##### # ##### ## ##§ ≈≈# ≈####
≈§≈≈ ≈≈ §≈#### #
#≈≈_≈≈#############(≈## #
###.$$$$?)[#≈≈....## ### )
####)))$$###..)#..#§ ..###
))#######@)).###........#≈
....####)'.....[p####....(.....##
...)...###.....###....(.........#
...).....#++#''#...#........(..≈#
#.##...⌠.........⌠...##..........
######....#........#######.......
....#####.......#####....####.#..
.....≈#≈#.......#≈#.......#.####.
..(..≈#§###'''###≈#............#)


You could see a hell knight (unable to see you).

Vanquished Creatures
  A hydra (D:10)
  A two-headed ogre (D:10)
  A hell knight (D:10)
  3 gargoyles (D:10)
  An unseen horror (D:10)
  Prince Ribbit (D:9)
  3 vampires (D:10)
  18 yaks
  6 fire bats (D:10)
  3 water moccasins
  2 black bears (D:10)
  3 orc warriors (D:10)
  A sky beast (D:8)
  An ice beast (D:8)
  An ogre (D:7)
  10 centaurs
  A phantom (D:6)
  5 kobold brigands
  7 bullfrogs
  6 gnoll sergeants (D:10)
  4 scorpions
  17 wights
  11 killer bees
  7 electric eels
  2 howler monkeys
  A bombardier beetle (D:7)
  A sleepcap (D:6)
  2 hounds (D:4)
  4 jellies
  5 orc priests
  4 iguanas
  7 orc wizards
  Robin (D:3)
  12 adders
  3 river rats (Sewer)
  2 shadow imps
  4 white imps
  5 dart slugs
  A ribbon worm (D:3)
  24 orcs
  7 endoplasms
  2 giant cockroaches
  4 hobgoblins
  4 jackals (D:1)
  25 kobolds
  5 quokkas
  10 ball pythons
  7 bats
  7 frilled lizards
  11 goblins
  23 rats
297 creatures vanquished.

Notes
Turn   | Place    | Note
-------+----------+-------------------------------------------
     0 | D:1      | Dirian the Minotaur Fighter began the quest for the Orb.
     0 | D:1      | Reached XP level 1. HP: 19/19 MP: 0/0
    48 | D:1      | Reached XP level 2. HP: 20/27 MP: 1/1
   534 | D:1      | Reached XP level 3. HP: 33/33 MP: 2/2
  1110 | D:2      | Reached skill level 3 in Axes
  1307 | D:2      | You fall into a shaft and drop 1 floor!
  1317 | D:3      | Reached XP level 4. HP: 30/40 MP: 3/3
  2253 | D:3      | Noticed Robin
  2261 | D:3      | Killed Robin
  2341 | D:3      | Reached skill level 4 in Axes
  2341 | D:3      | Reached XP level 5. HP: 34/47 MP: 4/4
  2778 | D:4      | Found a glowing drain.
  2798 | D:4      | Reached skill level 5 in Armour
  2845 | D:4      | Reached skill level 5 in Axes
  2870 | Sewer    | Entered a sewer
  3032 | Sewer    | Reached XP level 6. HP: 46/55 MP: 5/5
  3176 | Sewer    | Reached skill level 5 in Fighting
  3176 | Sewer    | Reached skill level 6 in Axes
  3394 | Sewer    | Reached XP level 7. HP: 31/61 MP: 6/6
  3658 | D:4      | Reached skill level 7 in Axes
  4398 | D:5      | Entered Level 5 of the Dungeon
  4401 | D:5      | Identified the +6 mace of Doom {antimagic, rN+}
  4450 | D:5      | Found a staircase to the Ecumenical Temple.
  4549 | Temple   | Entered the Ecumenical Temple
  4573 | Temple   | Became a worshipper of Warmaster Okawaru
  4765 | D:5      | Reached skill level 8 in Axes
  5028 | D:6      | Reached skill level 5 in Shields
  5028 | D:6      | Reached XP level 8. HP: 61/70 MP: 7/7
  5143 | D:6      | Reached * piety under Okawaru
  5177 | D:6      | Reached skill level 9 in Axes
  5383 | D:6      | Found Inten's Assorted Antiques.
  6546 | D:7      | Reached skill level 10 in Axes
  6739 | D:7      | Reached XP level 9. HP: 65/78 MP: 8/8
  6744 | D:7      | Identified the +5 dagger of Xib Sig {drain, rPois rN++
                  | Int-3 Dex+2}
  7330 | D:8      | Reached ** piety under Okawaru
  7601 | D:8      | Reached skill level 11 in Axes
  7768 | D:8      | Reached skill level 12 in Axes
  8310 | D:9      | Reached XP level 10. HP: 70/88 MP: 6/9
  8479 | D:9      | Noticed Prince Ribbit
  8484 | D:9      | Killed Prince Ribbit
  8575 | D:9      | Found a runed translucent gate.
  8575 | D:9      | Found a runed translucent gate.
  8575 | D:9      | Found a runed translucent gate.
  8576 | D:9      | Noticed bumbalina's ghost (novice OpFE)
  8594 | D:9      | Reached *** piety under Okawaru
  8596 | D:9      | Reached skill level 13 in Axes
  8796 | D:9      | HP: 3/90 [electric eel/bolt of electricity (7)]
  9564 | D:9      | Identified the amulet of Fet Zeutto {Reflect MP+9 SH+5}
  9722 | D:6      | Bought a dented garnet amulet for 110 gold pieces
  9722 | D:6      | Bought a bronze ring for 110 gold pieces
  9722 | D:6      | Bought a potion of curing for 66 gold pieces
  9802 | D:10     | Entered Level 10 of the Dungeon
  9909 | D:10     | Reached skill level 14 in Axes
  9917 | D:10     | Reached **** piety under Okawaru
  9953 | D:10     | Reached XP level 11. HP: 85/95 MP: 7/10
 10071 | D:10     | Noticed a four-headed hydra
 10575 | D:10     | Reached skill level 10 in Armour
 10840 | D:10     | Found a staircase to the Lair.
 10947 | D:10     | Noticed a deep elf pyromancer
 10952 | D:10     | Found a transporter.
 10952 | D:10     | Found a transporter.
 10952 | D:10     | Found a sacrificial altar of Ru.
 10952 | D:10     | Noticed an ogre mage
 10952 | D:10     | Noticed a two-headed ogre
 10952 | D:10     | Noticed a death knight
 10990 | D:10     | Killed a five-headed hydra
 10991 | D:10     | Reached skill level 1 in Invocations
 11207 | D:10     | Noticed a two-headed ogre
 11219 | D:10     | Killed a two-headed ogre
 11220 | D:10     | Reached skill level 15 in Axes
 11331 | D:10     | Reached skill level 1 in Throwing
 11792 | D:10     | Noticed an entropy weaver
 12034 | D:10     | Noticed a hell knight
 12051 | D:10     | Killed a hell knight
 12051 | D:10     | Noticed a hell knight
 12055 | D:10     | Found a faded altar of an unknown god.
 12076 | D:10     | Slain by a hell knight

Illustrated notes

Levels and vault maps discovered:
D:1:      mrwooster_arrival_statue_3, layout_basic
D:2:      layout_basic
D:3:      layout_basic, kennysheep_generic_room_12, uniq_robin
D:4:      cheibrodos_helix_gallery, layout_basic, gup_sewer_entry_glass
D:5:      layout_rooms, temple_green, grunt_decor_junction
D:6:      layout_loops_corners, serial_shops, nicolae_shop_behind_doors,
          hangedman_decor_slide_cut, due_unseen_surprise
D:7:      layout_loops_ring
D:8:      layout_cave_pods, kennysheep_cluttered_room
D:9:      layout_cave_pools, gammafunk_ghost_nasty_kobolds, serial_bayou_lake_a,
          uniq_prince_ribbit1
D:10:     regret_index_infernal_bastille, layout_layer_cave,
          gammafunk_temple_overflow_arena, due_lair_maze_entry_diamond
Temple:   regret_index_temple_sigil_plot

Skill      XL: |  1  2  3  4  5  6  7  8  9 10 11 |
---------------+----------------------------------+-----
Armour         | 4 5 6 7 9 10 | 10.6
Fighting       | 4 5 6 7 8 9 |  9.9
Shields        | 4 5 6 7 8 9 |  9.6
Axes           | 3 4 5 6 8 10 12 14 15 | 15.2
Invocations    | 2 |  2.4
Throwing       | 2 |  2.0

Action                     |  1- 3 |  4- 6 |  7- 9 | 10-12 || total
---------------------------+-------+-------+-------+-------++-------
  Melee: War axe           |    82 |   153 |   226 |   301 ||   762
         Headbutt          |     7 |    15 |    43 |    63 ||   128
         Morningstar       |       |       |       |     5 ||     5
 Invoke: Heroism           |       |       |     3 |    10 ||    13
    Use: Scroll            |       |    12 |     9 |     3 ||    24
         Potion            |       |     2 |     1 |     5 ||     8
   Stab: Invisible         |       |       |       |     5 ||     5
 Armour: Scale mail        |    60 |   134 |   132 |       ||   326
         Chain mail        |       |       |    18 |   362 ||   380
  Dodge: Dodged            |    41 |    64 |    64 |   124 ||   293
  Block: Buckler           |    18 |    27 |     2 |       ||    47
         Kite shield       |       |       |   109 |   243 ||   352

Table legend: (Time is in decaauts)
 A = Elapsed time spent in this place.
 B = Non-inter-level travel time spent in this place.
 C = Inter-level travel time spent in this place.
 D = Time resting spent in this place.
 E = Time spent auto-exploring this place.
 F = Levels seen in this place.
 G = Mean time per level.
                   A        B        C        D        E       F      G
               +--------+--------+--------+--------+--------+-----+--------+
         Total |  12144 |  11367 |    777 |      0 |   9360 |  12 | 1012.0 |
       Dungeon |  11320 |  10589 |    731 |      0 |   8828 |  10 | 1132.0 |
        Temple |     48 |      2 |     46 |      0 |      0 |   1 |   48.0 |
         Sewer |    776 |    776 |      0 |      0 |    532 |   1 |  776.0 |
               +--------+--------+--------+--------+--------+-----+--------+

Top non-repeatable levels by time:
    D:10: 2235 daAuts
     D:8: 1388 daAuts
     D:9: 1366 daAuts
     D:6: 1175 daAuts
     D:3: 1084 daAuts
     D:1: 933 daAuts
     D:4: 897 daAuts
     D:7: 874 daAuts
     D:2: 806 daAuts
   Sewer: 776 daAuts
     D:5: 557 daAuts
  Temple: 48 daAuts
